 Dungeon Crawl Stone Soup version 0.29-a0-451-gfbfa42419e (webtiles) character file.

Game seed: 1215344451205551735

47 kyalle the Ruffian (level 3, -2/36 HPs)
             Began as a Troll Berserker on May 19, 2022.
             Was a Believer of Trog.
             Slain by a gnoll
             ... wielding a +0 whip
              (5 damage)
             ... on level 2 of the Dungeon.
             The game lasted 00:11:15 (1043 turns).

kyalle the Ruffian (Troll Berserker)                Turns: 1043, Time: 00:11:16

Health: -2/36      AC:  4    Str: 27    XL:     3   Next: 48%
Magic:  2/2        EV: 10    Int:  3    God:    Trog [**....]
Gold:   80         SH:  0    Dex:  9    Spells: 2/2 levels left

rFire   . . .      SeeInvis .     - Unarmed
rCold   . . .      Faith    .   (no shield)
rNeg    . . .      Spirit   .   a - +0 animal skin
rPois   .          Reflect  .   (helmet restricted)
rElec   .          Harm     .   (no cloak)
rCorr   .          Rampage  .   (gloves unavailable)
Will    .....                   (boots unavailable)
Stlth   +.........              (no amulet)
HPRegen 0.92/turn               (no ring)
MPRegen 0.08/turn               (no ring)

@: no status effects
A: large, unfitting armour, claws 3, regeneration 1, shaggy fur 1, tough skin 1
a: Renounce Religion, Berserk, Trog's Hand


You were on level 2 of the Dungeon.
You worshipped Trog.
Trog was pleased with you.
You visited 1 branch of the dungeon, and saw 2 of its levels.

You collected 80 gold pieces.

Inventory:

Missiles
 b - 101 stones (quivered)
Armour
 a - a +0 animal skin (worn)
Magical Staves
 e - a staff of earth
Jewellery
 g - an amulet of magic regeneration
Wands
 j - a wand of mindburst (9)
Scrolls
 h - a scroll of identify {unknown}
 k - 2 scrolls of fear {unknown}
Potions
 c - a potion of curing {unknown}
 d - a potion of flight {unknown}
 f - a potion of might {unknown}
 i - a potion of lignification {unknown}
 l - a potion of brilliance {unknown}


   Skills:
 + Level 2.7 Fighting
 + Level 2.9 Dodging
 + Level 0.1 Stealth
 + Level 3.7 Unarmed Combat


You had 2 spell levels left.
You didn't know any spells.
Your spell library was empty.

Dungeon Overview and Level Annotations

Branches:
Dungeon (2/15)

Altars:

Shops:
D:1 (


Innate Abilities, Weirdness & Mutations

You are too large for most types of armour.
You have claws for hands.
Your natural rate of healing is unusually fast.
You are covered in fur. (AC +1)
You have tough skin. (AC +1)


Message History

The quokka bites you but does no damage.
You claw the quokka!
You kill the quokka!
Trog accepts your kill.
l - a coppery potion 4 gnolls come into view.
The gnoll shouts! x2
There are monsters nearby!
A gnoll is nearby!
A gnoll is nearby!
A gnoll is nearby!
A gnoll is nearby!
A gnoll is nearby!
A gnoll is nearby!
A gnoll is nearby!
The gnoll hits you from afar with a +0 spear.
The gnoll closely misses you.
You claw the gnoll!
The gnoll is almost dead.
The gnoll hits you from afar with a +0 spear!
The gnoll barely misses you.
You claw the gnoll!
You kill the gnoll!
Trog accepts your kill.
The gnoll hits you from afar with a +0 spear.
You closely miss the gnoll.
The gnoll shouts!
The gnoll hits you but does no damage. The gnoll hits you with a +0 whip!
The gnoll barely misses you.
You scratch the gnoll.
The gnoll is heavily wounded.
The gnoll misses you.
The gnoll hits you from afar with a +0 spear!
The gnoll hits you from afar with a +0 spear.
* * * LOW HITPOINT WARNING * * *
You fail to use your ability.
The gnoll hits you from afar with a +0 spear.
* * * LOW HITPOINT WARNING * * *
The gnoll hits you with a +0 whip.
You die...

#........####.<.###.#####
#.#.........#..####.#
####>##†..####..#..##..#
#..........# ##..#.)..##
#..........# ##.###..#
#..........## #......##
#...........########...#####
####.#....#.##.......#.....##
#.####..gg@.###...#.###..#
#.# #..g#### #...#....#.##
#.# #....>. #...####..... #.#
#...... #....####..#. #.#
#...g.. #.....# ##... #.#
#.g.g ###...#####.. #.# #....
##....#...# #.# #####
##<#.#.### #.# #.#...#..


You could see 3 gnolls.

Vanquished Creatures
  A gnoll (D:2)
  A worm (D:2)
  2 ball pythons (D:1)
  4 bats
  4 endoplasms
  A giant cockroach (D:1)
  5 goblins
  4 hobgoblins
  A quokka (D:2)
  2 kobolds (D:1)
  5 rats
30 creatures vanquished.

Vanquished Creatures (others)
  8 plants (D:1)
8 creatures vanquished.

Grand Total: 38 creatures vanquished

Notes
Turn   | Place    | Note
-------+----------+-------------------------------------------
     0 | D:1      | kyalle the Troll Berserker began the quest for the Orb.
     0 | D:1      | Reached XP level 1. HP: 22/22 MP: 0/0
   362 | D:1      | Reached XP level 2. HP: 29/29 MP: 1/1
   410 | D:1      | Found Ykaopyach's Weapon Shop.
   921 | D:2      | Reached XP level 3. HP: 23/36 MP: 2/2
   979 | D:2      | Reached ** piety under Trog
  1043 | D:2      | Slain by a gnoll

Illustrated notes

Levels and vault maps discovered:
D:1:      lightli_arrival_flooded_house, layout_loops_ring, serial_shops,
          nicolae_shop_behind_doors, kennysheep_boxes
D:2:      layout_rooms, hellmonk_ecumenical_altar_run_dry

Action                   || total
-------------------------++-------
Melee: Unarmed           ||   108
       Punch             ||     4
Armor: Animal skin       ||    19
Dodge: Dodged            ||    30

Table legend: (Time is in decaauts)
 A = Elapsed time spent in this place.
 B = Non-inter-level travel time spent in this place.
 C = Inter-level travel time spent in this place.
 D = Time resting spent in this place.
 E = Time spent auto-exploring this place.
 F = Levels seen in this place.
 G = Mean time per level.
                   A        B        C        D        E       F      G
               +--------+--------+--------+--------+--------+-----+--------+
         Total |   1036 |    928 |    108 |      0 |     37 |   2 |  518.0 |
       Dungeon |   1036 |    928 |    108 |      0 |     37 |   2 |  518.0 |
               +--------+--------+--------+--------+--------+-----+--------+

Top non-repeatable levels by time:
     D:1: 766 daAuts
     D:2: 269 daAuts
